 Dungeon Crawl Stone Soup version 0.28-a0-479-g5baa6b73be (webtiles) character file.

Game seed: 14903447213918823685

1829 Dabor the Conjurer (level 8, -2/57 HPs)
             Began as a Demigod Conjurer on Sept 18, 2021.
             Killed from afar by an acid dragon (25 damage)
             ... with a splash of acid
             ... on level 6 of the Dungeon.
             The game lasted 00:13:25 (7172 turns).

Dabor the Conjurer (Demigod Conjurer)               Turns: 7172, Time: 00:13:26

Health: -2/57      AC:  6    Str:  8    XL:     8   Next: 56%
Magic:  12/17      EV: 11    Int: 28    God:
Gold:   173        SH:  0    Dex: 12    Spells: 9/15 levels left

rFire   . . .      SeeInvis .   s - +3 spear (flame)
rCold   + . .      Faith    .   (no shield)
rNeg    . . .      Spirit   .   o - +1 ring mail {rC+}
rPois   .          Reflect  .   (no helmet)
rElec   .          Harm     .   (no cloak)
rCorr   .          Rampage  .   (no gloves)
Will    .....                   (no boots)
Stlth   +.........              (no amulet)
HPRegen 0.19/turn               (no ring)
MPRegen 0.15/turn               (no ring)

@: no status effects
A: high mp 1, forlorn
a: no special abilities


You were on level 6 of the Dungeon.
You visited 1 branch of the dungeon, and saw 6 of its levels.

You collected 283 gold pieces.
You spent 110 gold pieces at shops.

Inventory:

Hand Weapons
 d - a +0 mace
 i - a +3 dagger
 s - a +3 spear of flaming (weapon)
 v - a +3 mace of holy wrath
Armour
 a - a +0 robe
 o - a +1 ring mail of cold resistance (worn)
Jewellery
 c - a +4 ring of evasion
 h - a ring of magical power
 p - a ring of wizardry
 q - a ring of ice
Scrolls
 b - 8 scrolls of identify
 k - a scroll of torment {unknown}
 l - 3 scrolls of teleportation
 m - a scroll of fear
Potions
 e - a potion of degeneration {unknown}
 f - a potion of brilliance {unknown}
 g - 3 potions of attraction {unknown}
 j - 4 potions of curing
 n - a potion of lignification {unknown}
 r - a potion of ambrosia {unknown}
 t - 2 potions of heal wounds
 u - 2 potions of haste {unknown}


   Skills:
 - Level 3.0 Staves
 + Level 4.3 Dodging
 - Level 2.4 Stealth
 + Level 4.0 Spellcasting
 + Level 5.5 Conjurations
 + Level 4.2 Hexes
 * Level 5.0 Air Magic


You had 9 spell levels left.
You knew the following spells:

 Your Spells              Type           Power      Damage    Failure   Level
b - Searing Ray           Conj           72%        2d7       3%          2
c - Swiftness             Air            33%        N/A       9%          3
d - Shock                 Conj/Air       100%       1d9       2%          1

Your spell library contained the following spells:

 Spells                   Type           Power      Damage    Failure   Level
 Magic Dart               Conj           100%       1d8       2%          1
 Dazzling Flash           Conj/Hex       64%        N/A       10%         3
 Ensorcelled Hibernation  Hex/Ice        34%        N/A       14%         2
 Airstrike                Air            16%        N/A       28%         4
 Fulminant Prism          Conj/Hex       16%        3d11      30%         4
 Spider Form              Tmut/Pois      2%         N/A       56%         3
 Iskenderun's Mystic Bla  Conj/Tloc      21%        2d6       58%         4


Dungeon Overview and Level Annotations

Branches:
Dungeon (6/15)
 Temple: D:4-7

Shops:
D:2 !   D:4 !


Innate Abilities, Weirdness & Mutations

Your attributes grow dramatically as you level up.
You have an increased reservoir of magic. (+10% MP)
You shall have no god before yourself.


Message History

Found a jewelled helmet.
Found a book of Chaos and 19 arrows.
Press: ? - help, v - describe, . - travel, g - get item Item here: a jewelled helmet.
The floor.
Unknown command.
The acid dragon roars!
Okay, then.
Unknown command.
You open the large door.
The centaur wields a +0 shortbow.
The centaur shoots an arrow.
The arrow barely misses you.
The centaur shoots an arrow.
The arrow hits you.
You see here a hound skeleton.
Casting: Shock (safe; 2% risk of failure)
Confirm with . or Enter, or press ? or * to list all spells.
Aiming: Searing Ray (safe; 3% risk of failure)
Press: ? - help, Shift-Dir - straight line, f - centaur
Aim: a centaur, wielding a +0 shortbow and quivering arrows (88% to hit)
The searing ray hits the centaur.
The centaur is moderately wounded. (Press . to maintain the ray.)
The centaur shoots an arrow.
The arrow hits you!
The centaur shoots an arrow.
The arrow hits you!
The searing ray hits the centaur.
The centaur is heavily wounded.
The searing ray hits the acid dragon.
The acid dragon is lightly wounded.
The centaur shoots an arrow.
The arrow hits you!
The searing ray hits the centaur.
The centaur is severely wounded.
The centaur shoots an arrow.
The arrow closely misses you.
The centaur shoots an arrow.
The arrow hits you.
The searing ray hits the acid dragon.
The acid dragon is lightly wounded.
The searing ray hits the centaur!
You kill the centaur!
You finish channelling your searing ray.
The acid dragon spits acid at you. The splash of acid hits you!!
You die...

##.##8..8##
#..#8....8# ..#[....(#
.#$....:# ######
#8....8 #)...## #
#8..8#######..#
#...##')##.'.#.##.#
#.......D.@#..#.#.#
#..#######.#.####.# #
#)##....##
#.########).######...
...................#
##....[....#######
#.........#
#.........# .#
##.........#########.#


You could see an acid dragon (catching breath).

Vanquished Creatures
  A two-headed ogre (D:6)
  A water moccasin (D:6)
  An ice beast (D:6)
  A necrophage (D:5)
  A centaur (D:6)
  2 phantoms
  A gnoll sergeant (D:3)
  2 water moccasin skeletons
  A centaur zombie (D:6)
  A bullfrog zombie (D:6)
  2 hounds
  An orc priest (D:5)
  A gnoll shaman (D:5)
  A centaur skeleton (D:6)
  An orc wizard (D:6)
  A scorpion zombie (D:5)
  An iguana (D:4)
  A hound skeleton (D:5)
  9 gnolls
  A howler monkey skeleton (D:4)
  6 adders
  A shadow imp (D:4)
  3 white imps
  2 ufetubi (D:5)
  3 worms (D:2)
  3 dart slugs
  20 orcs
  7 ball pythons
  3 bats
  4 endoplasms
  3 giant cockroaches
  5 goblins
  7 hobgoblins
  3 jackals (D:2)
  4 quokkas
  3 frilled lizards
  5 kobolds
  5 rats
118 creatures vanquished.

Notes
Turn   | Place    | Note
-------+----------+-------------------------------------------
     0 | D:1      | Dabor the Demigod Conjurer began the quest for the Orb.
     0 | D:1      | Reached XP level 1. HP: 14/14 MP: 5/5
   277 | D:1      | Reached XP level 2. HP: 20/20 MP: 4/7
  1558 | D:2      | Reached XP level 3. HP: 26/26 MP: 1/8
  1955 | D:2      | Learned a level 2 spell: Searing Ray
  1959 | D:2      | Learned a level 3 spell: Swiftness
  2011 | D:2      | Found Biam's Distillery.
  2016 | D:2      | Bought 2 potions of curing for 60 gold pieces
  2256 | D:3      | Noticed a gnoll sergeant
  2775 | D:3      | Reached XP level 4. HP: 30/33 MP: 5/10
  3335 | D:3      | Killed a gnoll sergeant
  3336 | D:3      | Reached skill level 1 in Hexes
  3336 | D:3      | Reached skill level 1 in Air Magic
  3336 | D:3      | Reached XP level 5. HP: 38/38 MP: 1/11
  3438 | D:3      | Learned a level 1 spell: Shock
  4408 | D:4      | Found Daevos's Distillery.
  4418 | D:4      | Bought a potion of heal wounds for 50 gold pieces
  5157 | D:5      | Entered Level 5 of the Dungeon
  5211 | D:5      | Reached XP level 6. HP: 28/45 MP: 0/13
  5444 | D:5      | Reached skill level 1 in Staves
  5961 | D:5      | Reached XP level 7. HP: 50/50 MP: 7/14
  6807 | D:6      | Found a large runed translucent door.
  6807 | D:6      | Found a large runed translucent door.
  6853 | D:6      | Noticed a two-headed ogre
  6871 | D:6      | Killed a two-headed ogre
  6872 | D:6      | Reached skill level 5 in Conjurations
  6872 | D:6      | Reached XP level 8. HP: 13/57 MP: 0/17
  6957 | D:6      | Reached skill level 5 in Air Magic
  7172 | D:6      | Killed from afar by an acid dragon

Illustrated notes

Levels and vault maps discovered:
D:1:      dpeg_arrival_stonehenge_8_columns, layout_rooms,
          dreamdust_ecumenical_altar_statues
D:2:      layout_basic, serial_shops, nicolae_square_shop, basic_altar
D:3:      layout_loops_cross, amcnicky_mini_pool_small
D:4:      layout_gridville, serial_shops, shop
D:5:      layout_rooms, mainiacjoe_overflow_tiny_flanked, minmay_checkerbox
D:6:      layout_rooms, mainiacjoe_overflow_small_starburst, kennysheep_mini,
          led_sif_pool, minmay_hollow_rounded_squares, uniq_edmund

Skill      XL: |  1  2  3  4  5  6  7  8 |
---------------+-------------------------+-----
Stealth        | 2 |  2.4
Dodging        | 2 3 4 |  4.3
Spellcasting   | 2 3 4 |  4.0
Conjurations   | 4 5 |  5.5
Hexes          | 1 2 3 4 |  4.2
Air Magic      | 1 2 3 4 5 |  5.0
Staves         | 1 3 |  3.0

Action                   |  1- 3 |  4- 6 |  7- 9 || total
-------------------------+-------+-------+-------++-------
Melee: Mace              |    15 |       |       ||    15
       Spear             |       |    35 |    22 ||    57
       Dagger            |       |     4 |       ||     4
 Cast: Magic Dart        |   100 |    25 |       ||   125
       Searing Ray       |     1 |    16 |    11 ||    28
       Swiftness         |     1 |       |       ||     1
       Shock             |       |    76 |    48 ||   124
  Use: Scroll            |       |     7 |       ||     7
       Potion            |       |       |     1 ||     1
Armor: Robe              |     4 |       |       ||     4
       Ring mail         |       |    19 |    32 ||    51
Dodge: Dodged            |    17 |    43 |    33 ||    93

Table legend: (Time is in decaauts)
 A = Elapsed time spent in this place.
 B = Non-inter-level travel time spent in this place.
 C = Inter-level travel time spent in this place.
 D = Time resting spent in this place.
 E = Time spent auto-exploring this place.
 F = Levels seen in this place.
 G = Mean time per level.
                   A        B        C        D        E       F      G
               +--------+--------+--------+--------+--------+-----+--------+
         Total |   7182 |   6999 |    183 |   1436 |   4523 |   6 | 1197.0 |
       Dungeon |   7182 |   6999 |    183 |   1436 |   4523 |   6 | 1197.0 |
               +--------+--------+--------+--------+--------+-----+--------+

Top non-repeatable levels by time:
     D:2: 1692 daAuts
     D:3: 1577 daAuts
     D:4: 1278 daAuts
     D:5: 1080 daAuts
     D:1: 822 daAuts
     D:6: 731 daAuts
